 Dungeon Crawl Stone Soup version 0.27.1-4-g1640c2035a (webtiles) character file.

Game seed: 16102004206051592526

18 jjjjhere the Gusty (level 2, -1/20 HPs)
             Began as a Draconian Air Elementalist on Nov 16, 2021.
             Slain by an adder (3 damage)
             ... on level 2 of the Dungeon.
             The game lasted 00:01:58 (987 turns).

jjjjhere the Gusty (Draconian Air Elementalist)      Turns: 987, Time: 00:01:59

Health: -1/20      AC:  4    Str:  9 (10) XL:     2   Next: 51%
Magic:  1/5        EV: 11    Int: 14 (15) God:
Gold:   44         SH:  0    Dex:  8 (11) Spells: 5/6 levels left

rFire    . . .     SeeInvis .   h - +2 hunting sling (flame)
rCold    . . .     Faith    .   (no shield)
rNeg     . . .     Spirit   .   (armour unavailable)
rPois    .         Reflect  .   (helmet restricted)
rElec    .         Harm     .   (no cloak)
rCorr    .         Rampage  .   (no gloves)
Will     .....                  (no boots)
Stlth    +.........             (no amulet)
HPRegen  0.06/turn              (no ring)
MPRegen  0.09/turn              (no ring)

@: attractive
A: AC +4, unfitting armour, cold-blooded
a: no special abilities


You were on level 2 of the Dungeon.
You visited 1 branch of the dungeon, and saw 2 of its levels.

You collected 44 gold pieces.

Inventory:

Hand Weapons
 c - a +0 dagger
 d - a +0 short sword
 g - a +0 dagger
 h - a +2 hunting sling of flaming (weapon)
Missiles
 b - 57 stones (quivered ammo)
Scrolls
 a - 2 scrolls of identify {unknown}


   Skills:
 - Level 1.7 Dodging
 - Level 1.7 Stealth
 + Level 2.5 Spellcasting
 - Level 1.0 Conjurations
 + Level 3.4 Air Magic


You had 5 spell levels left.
You knew the following spells:

 Your Spells              Type           Power      Damage    Failure   Level
a - Shock                 Conj/Air       32%        1d5       9%          1

Your spell library contained the following spells:

 Spells                   Type           Power      Damage    Failure   Level
 Static Discharge         Conj/Air       8%         N/A       14%         2
 Magic Dart               Conj           16%        1d3       16%         1
 Swiftness                Air            11%        N/A       16%         3
 Call Imp                 Summ           1%         N/A       34%         2
 Mephitic Cloud           Conj/Pois/Air  5%         N/A       36%         3
 Airstrike                Air            5%         N/A       47%         4


Dungeon Overview and Level Annotations

Branches:
Dungeon (2/15)

Altars:


Innate Abilities, Weirdness & Mutations

Your plain brown scales are hard. (AC +4)
You cannot fit into any form of body armour.
You are cold-blooded and may be slowed by cold attacks.


Message History

Press: ? - help, Q - select action, (/) - cycle Shift-Dir - straight line, f/p - adder
Aim: an adder (moderately wounded, 38% to hit)
You shoot a stone. The stone closely misses the adder.
The adder barely misses you. The adder closely misses you.
Fire: 61 stones
Press: ? - help, Q - select action, (/) - cycle Shift-Dir - straight line, f/p - adder
Aim: an adder (moderately wounded, 38% to hit)
You shoot a stone. The stone misses the adder.
The adder closely misses you.
Fire: 60 stones
Press: ? - help, Q - select action, (/) - cycle Shift-Dir - straight line, f/p - adder
Aim: an adder (moderately wounded, 38% to hit)
You shoot a stone. The stone barely misses the adder.
The adder bites you.
You are poisoned.
The adder poisons you! The adder closely misses you.
Fire: 59 stones
Press: ? - help, Q - select action, (/) - cycle Shift-Dir - straight line, f/p - adder
Aim: an adder (moderately wounded, 38% to hit)
You shoot a stone. The stone closely misses the adder.
You feel sick. The adder bites you but does no damage.
Fire: 58 stones
Press: ? - help, Q - select action, (/) - cycle Shift-Dir - straight line, f/p - adder
Aim: an adder (moderately wounded, 38% to hit)
You shoot a stone. The stone hits the adder.
The stone burns the adder.
The adder is heavily wounded.
You feel sick. The adder bites you.
* * * LOW HITPOINT WARNING * * *
The adder bites you.
* * * LOW HITPOINT WARNING * * *
It was a potion of degeneration.
There was something very wrong with that liquid.
You feel weakened.
You feel dopey.
You feel clumsy.
You feel sick. The adder bites you but does no damage.
It was a potion of attraction.
You feel attractive to monsters.
You feel sick.
You are no longer poisoned.
The adder misses you. The adder bites you.
You die...

#############
##.....#.....##
##...<.........#
#(.....S@.......
#...............
.......<..........
..#...............
. #...............
##.............#
##.....#.....##
########.####


You could see an adder.

Vanquished Creatures
  A dart slug (D:1)
  2 endoplasms (D:1)
  2 goblins (D:2)
  A hobgoblin (D:2)
  3 jackals (D:1)
  A quokka (D:1)
  2 bats
  2 kobolds (D:1)
  A rat (D:1)
15 creatures vanquished.

Notes
Turn   | Place    | Note
-------+----------+-------------------------------------------
     0 | D:1      | jjjjhere the Draconian Air Elementalist began the quest for
                  | the Orb.
     0 | D:1      | Reached XP level 1. HP: 14/14 MP: 3/3
   297 | D:1      | Reached XP level 2. HP: 20/20 MP: 1/5
   985 | D:2      | HP: 6/20 [adder (3)]
   987 | D:2      | HP: 2/20 [poisoned by an adder]
   987 | D:2      | Slain by an adder

Illustrated notes

Levels and vault maps discovered:
D:1:      mainiacjoe_arrival_reflecting_pool, layout_rooms, serial_glass,
          glass_columns_a, glass_columns_a
D:2:      layout_rooms, serial_shops, shop, lemuel_old_faithful

Action                   || total
-------------------------++-------
Melee: Short sword       ||    10
       Tailslap          ||     1
 Fire: Hunting sling     ||     8
 Cast: Shock             ||    37
  Use: Potion            ||     2
Armor: Skin              ||    12
Dodge: Dodged            ||    25
